 Dungeon Crawl Stone Soup version 0.22-a0-322-g60b3cfd (webtiles) character file.

296 Amnesiac the Magician (level 6, -1/28 HPs)
             Began as a Spriggan Earth Elementalist on Apr 5, 2018.
             Was a Follower of Dithmenos.
             Killed from afar by Blork the orc (10 damage)
             ... with a puff of frost
             ... on level 4 of the Dungeon.
             The game lasted 00:05:48 (2161 turns).

Amnesiac the Magician (Spriggan Earth Elementalist) Turns: 2161, Time: 00:05:48

Health: -1/28      AC:  4    Str:  4    XL:     6   Next: 12%
Magic:  8/15       EV: 18    Int: 19    God:    Dithmenos [*.....]
Gold:   172        SH:  0    Dex: 16    Spells: 9/16 levels left

rFire    . . .     SeeInvis +   e - +0 dagger
rCold    . . .     Gourm    .   (shield restricted)
rNeg     . . .     Faith    .   c - +0 robe
rPois    +         Spirit   .   (helmet restricted)
rElec    .         Reflect  .   q - +1 cloak {rPois}
rCorr    .         Harm     .   (gloves unavailable)
MR       +....                  (boots unavailable)
Stlth    +++.......             (no amulet)
HPRegen  0.09/turn              (no ring)
MPRegen  0.14/turn              (no ring)

@: wreathed by umbra, very quick
A: very small, unfitting armour, see invisible, herbivore, speed 3, slow
metabolism 2
a: Renounce Religion


You were on level 4 of the Dungeon.
You worshipped Dithmenos.
Dithmenos was aware of your devotion.
You were not hungry.

You visited 1 branch of the dungeon, and saw 4 of its levels.

You collected 172 gold pieces.

Inventory:

Hand Weapons
 e - a +0 dagger (weapon)
Missiles
 b - 51 stones (quivered)
Armour
 c - a +0 robe (worn)
 q - a +1 cloak of poison resistance (worn)
Scrolls
 a - a scroll of immolation {!r, unknown}
 h - 2 scrolls of enchant armour {!r, unknown}
 i - a scroll of amnesia {!r, unknown}
 l - 4 scrolls of remove curse {!r, unknown}
 n - a scroll of fear {!r, unknown}
 o - a scroll of random uselessness {!r, unknown}
Potions
 f - 2 potions of haste {!q, unknown}
 g - a potion of brilliance {!q, unknown}
 j - a potion of berserk rage {!q, unknown}
 k - 4 potions of heal wounds {!q, unknown}
 m - a potion of flight {!q, unknown}
 p - a potion of might {!q, unknown}
 r - 2 potions of degeneration {!q, unknown}
Comestibles
 d - 5 rations


   Skills:
 - Level 1.0 Short Blades
 - Level 3.0 Dodging
 - Level 3.0 Stealth
 + Level 5.6 Spellcasting
 - Level 4.0 Transmutations
 - Level 4.0 Earth Magic


You had 9 spell levels left.
You knew the following spells:

 Your Spells              Type           Power        Failure   Level  Hunger
a - Sandblast             Erth           ###...       2%          1    None
b - Passwall              Tmut/Erth      ###.......   3%          2    None
e - Petrify               Tmut/Erth      ###.....     22%         4    ####...


Dungeon Overview and Level Annotations

Branches:
Dungeon (4/15)
 Temple: D:4-7

Altars:
Dithmenos
Vehumet
Xom
The Shining One

Annotations:
D:4 Blork the orc


Innate Abilities, Weirdness & Mutations

You are very small and have problems with some larger weapons.
You are too small for most types of armour.
You have supernaturally acute eyesight. (SInv)
You are a herbivore.
You cover ground extremely quickly.
You need to consume almost no food.


Message History

Aim: Blork the orc, wielding a dire flail of protection and wearing a robe (moderately wounded, umbra)
The blast of sand hits Blork the orc.
Blork the orc is moderately wounded.
b - 53 stones Blork the orc misses you.
Casting: Sandblast (safe; 2% risk of failure)
Confirm with . or Enter, or press ? or * to list all spells.
Aiming: Sandblast (safe; 2% risk of failure)
Press: ? - help, Shift-Dir - straight line, f/p - Blork the orc
Aim: Blork the orc, wielding a dire flail of protection and wearing a robe (moderately wounded, umbra)
The blast of sand hits Blork the orc.
Blork the orc is heavily wounded.
b - 52 stones Blork the orc misses you.
There is a shaft here.
You enter the shallow water.
Moving in this stuff is going to be slow.
There is a shaft here.
There is a fountain of clear blue water here.
You enter the shallow water.
Moving in this stuff is going to be slow.
Blork the orc points at you and mumbles some strange words.
The magic dart hits you!
* * * LOW HITPOINT WARNING * * *
There is a shaft here.
You enter the shallow water.
Moving in this stuff is going to be slow.
There is a shaft here.
You swing at nothing.
You enter the shallow water.
Moving in this stuff is going to be slow.
There is a shaft here.
You enter the shallow water.
Moving in this stuff is going to be slow.
Blork the orc screams, "I'm much stronger than you!"
There is a shaft here.
You enter the shallow water.
Moving in this stuff is going to be slow.
There is a shaft here.
You enter the shallow water.
Moving in this stuff is going to be slow.
There is a shaft here.
There is a shaft here.
Casting: Sandblast (safe; 2% risk of failure)
Confirm with . or Enter, or press ? or * to list all spells.
Aiming: Sandblast (safe; 2% risk of failure)
Press: ? - help, Shift-Dir - straight line, f/p - Blork the orc
Aim: Blork the orc, wielding a dire flail of protection and wearing a robe (heavily wounded, umbra)
The blast of sand hits Blork the orc.
Blork the orc is heavily wounded.
b - 51 stones Blork the orc barely misses you.
Unknown command.
You enter the shallow water.
Moving in this stuff is going to be slow.
There is a shaft here.
You enter the shallow water.
Moving in this stuff is going to be slow.
Blork the orc screams, "I'll cover the dungeon with your blood!"
There is a shaft here.
There is a fountain of clear blue water here.
Blork the orc casts a spell at you. The puff of frost hits you!
You die...

###..§#.#..#
#.≈.≈#§§.≈.#
#.#≈##§§####
#≈#.≈≈#.##≈###
#.#.≈⌠.⌠.#...#
#.≈≈.≈§⌠≈#⌠#.#
##≈#...#[.#.#
#.⌠.o≈.###.#
#⌠###@#...##.#
#.§§§#....##.#
##.#§.#..≈##.#
###......##..#
..####≈####.##
#..# ####...#
#########...#
#...##
##.....##...#
##..#
............#
#..#


You could see Blork the orc.

Vanquished Creatures
  A phantom (D:3)
  A scorpion (D:3)
  A hound (D:4)
  Crazy Yiuf (D:3)
  An orc wizard (D:3)
  An adder (D:3)
  An ooze (D:2)
  A worm (D:3)
  A dart slug (D:2)
  5 orcs (D:3)
  A ball python (D:3)
  2 giant cockroaches
  5 goblins
  9 hobgoblins
  6 jackals
  2 quokkas (D:3)
  5 bats
  A frilled lizard (D:2)
  8 kobolds
  5 rats
58 creatures vanquished.

Notes
Turn   | Place    | Note
-------+----------+-------------------------------------------
     0 | D:1      | Amnesiac the Spriggan Earth Elementalist began the quest for the Orb.
     0 | D:1      | Reached XP level 1. HP: 9/9 MP: 5/5
   264 | D:1      | Reached skill level 3 in Spellcasting
   423 | D:1      | Reached XP level 2. HP: 13/13 MP: 5/7
   443 | D:1      | Learned a level 2 spell: Passwall
   599 | D:2      | Reached skill level 1 in Short Blades
   656 | D:2      | Found a glowing golden altar of the Shining One.
   759 | D:2      | Found a radiant altar of Vehumet.
   887 | D:2      | Reached XP level 3. HP: 10/16 MP: 2/8
   991 | D:2      | Found a shadowy altar of Dithmenos.
  1000 | D:2      | Became a worshipper of Dithmenos the Shadowed
  1144 | D:3      | Noticed a phantom
  1185 | D:3      | Killed a phantom
  1185 | D:3      | Reached XP level 4. HP: 21/21 MP: 0/10
  1194 | D:3      | Learned a level 4 spell: Petrify
  1546 | D:3      | Reached XP level 5. HP: 24/24 MP: 9/11
  1610 | D:3      | Reached skill level 4 in Spellcasting
  1681 | D:3      | Found a runed door.
  1743 | D:3      | Reached skill level 5 in Spellcasting
  1994 | D:3      | Noticed Crazy Yiuf
  2022 | D:3      | Killed Crazy Yiuf
  2022 | D:3      | Reached XP level 6. HP: 28/28 MP: 7/14
  2081 | D:4      | Reached * piety under Dithmenos
  2117 | D:4      | Noticed Blork the orc
  2118 | D:4      | Found a shimmering altar of Xom.
  2161 | D:4      | Killed from afar by Blork the orc

Vault maps used:
D:1:      elethiomel_arrival_quiet, serial_bayou_crossing
D:2:      lemuel_round_altar, grunt_dithmenos_smoke,
          nicolae_tso_swordbearing_angel
D:3:      uniq_crazy_yiuf_cottage
D:4:      tgw_xom, uniq_blork_the_orc

Skill      XL: |  1  2  3  4  5 |
---------------+----------------+-----
Spellcasting   | 3 5 |  5.6
Earth Magic    | 3 4 |  4.0
Short Blades   | 1 |  1.0
Transmutations | 2 3 4 |  4.0
Dodging        | |  3.0
Stealth        | |  3.0

Action                   |  1- 3 |  4- 6 || total
-------------------------+-------+-------++-------
Melee: Unarmed           |     3 |       ||     3
       Dagger            |     4 |     7 ||    11
 Cast: Sandblast         |    56 |    57 ||   113
 Stab: Sleeping          |     2 |       ||     2
Armor: Robe              |     1 |     5 ||     6
Dodge: Dodged            |    15 |    27 ||    42

Table legend:
 A = Spawn XP
 B = Non-spawn XP
 C = Spawn XP percentage of total XP
 D = Spawn monster count
 E = Non-spawn monster count
 F = Spawn count percentage of total count
 G = Total turns spent on level
                    A         B        C        D         E        F      G
               +---------+---------+-------+---------+---------+-------+---------
         Total |       0 |     424 |   0.0 |       0 |      58 |   0.0 |  2161
               +---------+---------+-------+---------+---------+-------+---------
           D:1 |       0 |      18 |   0.0 |       0 |      10 |   0.0 |   596
           D:2 |       0 |      36 |   0.0 |       0 |      18 |   0.0 |   541
           D:3 |       0 |     326 |   0.0 |       0 |      27 |   0.0 |   936
           D:4 |       0 |      44 |   0.0 |       0 |       3 |   0.0 |    88
               +---------+---------+-------+---------+---------+-------+---------
